 Dungeon Crawl Stone Soup version 0.26-a0-812-g31a745ddcd (webtiles) character file.

Game seed: 17919528564448388118

100 Lanoc the Gusty (level 4, 0/27 HPs)
             Began as an Octopode Air Elementalist on Dec 1, 2020.
             Was an Initiate of Sif Muna.
             Succumbed to an adder's poison
             ... on level 3 of the Dungeon.
             The game lasted 00:02:45 (1873 turns).

Lanoc the Gusty (Octopode Air Elementalist)         Turns: 1873, Time: 00:02:46

Health: 0/27       AC:  1    Str:  7    XL:     4   Next: 73%
Magic:  2/7        EV: 14    Int: 16    God:    Sif Muna [......]
Gold:   103        SH:  0    Dex: 12    Spells: 6/7 levels left

rFire    . . .     SeeInvis .   e - +1 dagger (freeze)
rCold    . . .     Faith    .   (no shield)
rNeg     . . .     Spirit   .   (helmet restricted)
rPois    .         Reflect  .   (no amulet)
rElec    .         Harm     .   (no ring)
rCorr    .         Rampage  .   (no ring)
MR       .....                  (no ring)
Stlth    +++.......             (no ring)
HPRegen  0.09/turn              (no ring)
MPRegen  0.10/turn              (no ring)
                                (no ring)
                                (no ring)

@: lethally poisoned (0 -> -5), about to teleport, flying
A: almost no armour, stealthy swim, amphibious, 8 rings, constrict 8, antennae
2, camouflage 1, dopey 1, high mp 1, gelatinous body 1
a: Renounce Religion


You were on level 3 of the Dungeon.
You worshipped Sif Muna.
Sif Muna was noncommittal.
You visited 1 branch of the dungeon, and saw 3 of its levels.

You collected 103 gold pieces.

Inventory:

Hand Weapons
 e - a +1 dagger of freezing (weapon)
Wands
 c - a wand of random effects (11)
Scrolls
 h - a scroll of immolation {unknown}
 i - a scroll of identify {unknown}


   Skills:
 + Level 2.9 Dodging
 - Level 2.6 Stealth
 - Level 2.0 Spellcasting
 + Level 2.2 Conjurations
 * Level 4.3 Air Magic


You had 6 spell levels left.
You knew the following spells:

 Your Spells              Type           Power        Failure   Level
a - Shock                 Conj/Air       ##..         5%          1

Your spell library contained the following spells:

 Spells                   Type           Power        Failure   Level
 Swiftness                Air            ###.....     5%          2
 Static Discharge         Conj/Air       ##......     16%         3
 Airstrike                Air            ###.......   34%         4
 Lightning Bolt           Conj/Air       ##........   83%         5


Dungeon Overview and Level Annotations

Branches:
Dungeon (3/15)

Altars:
Sif Muna
Trog


Innate Abilities, Weirdness & Mutations

You cannot wear most types of armour.
You are very stealthy in the water. (Stealth+)
You are amphibious.
You can wear up to eight rings at the same time.
You can use your tentacles to constrict eight enemies at once.
Your skin changes colour to match your surroundings (Stealth+).
Your rubbery body absorbs attacks. (AC +1, EV +1)
You have a pair of antennae on your head.
You are dopey. (Int -2)
You have an increased reservoir of magic. (+10% MP)


Message History

You hit the bat. You freeze the bat.
You kill the bat!
Sif Muna accepts your kill.
* * * LOW HITPOINT WARNING * * *
You feel sick.
* * * LOW HITPOINT WARNING * * *
You feel sick.
* * * LOW HITPOINT WARNING * * *
You feel sick.
As you read the scroll labelled LOCKIK PAL, it crumbles to dust.
The scroll dissolves into smoke.
It was a scroll of fog.
As you read the scroll labelled CEABBY FIURPH, it crumbles to dust.
It is a scroll of amnesia.
Really abort (and waste the scroll)? [Y]es or [N]o only, please.
Really abort (and waste the scroll)?
Okay, then.
As you read the scroll labelled COIKLINASO, it crumbles to dust.
You feel strangely unstable.
It was a scroll of teleportation.
You die...

#.....# #.........
#.....####.########
#..........###########
#..........>..........
#.............)(.#####
#.....###...####.##...
#...§§###...####.##...
#..§§§§§#.............
###.§@§§#...####.##...
#§§§§.#...# #.##...
#.§§§§#...# #.#####
#.!...# #.# #.....#
####### #...... .....
#.....#. ####
#.....#.. ..... .###.


There were no monsters in sight!

Vanquished Creatures
  An orc wizard (D:3)
  3 adders (D:3)
  3 dart slugs
  A leopard gecko (D:2)
  3 orcs (D:3)
  5 bats
  A giant cockroach (D:1)
  3 goblins
  2 hobgoblins (D:1)
  4 jackals (D:3)
  A ball python (D:3)
  A frilled lizard (D:3)
  7 kobolds
  3 rats
38 creatures vanquished.

Notes
Turn   | Place    | Note
-------+----------+-------------------------------------------
     0 | D:1      | Lanoc the Octopode Air Elementalist began the quest for the
                  | Orb.
     0 | D:1      | Reached XP level 1. HP: 11/11 MP: 3/3
    77 | D:1      | Reached XP level 2. HP: 5/17 MP: 1/5
   741 | D:3      | Found a shimmering blue altar of Sif Muna.
   750 | D:3      | Became a worshipper of Sif Muna the Loreminder
  1009 | D:3      | Reached XP level 3. HP: 7/21 MP: 0/6
  1276 | D:3      | Found a bloodstained altar of Trog.
  1319 | D:3      | Reached skill level 4 in Air Magic
  1319 | D:3      | Reached XP level 4. HP: 26/27 MP: 1/7
  1862 | D:3      | Gained mutation: You are dopey. (Int -2) [potion of
                  | mutation]
  1862 | D:3      | Gained mutation: You have an increased reservoir of magic.
                  | (+10% MP) [potion of mutation]
  1862 | D:3      | Gained mutation: You have a pair of small antennae on your
                  | head. [potion of mutation]
  1862 | D:3      | Gained mutation: You have a pair of antennae on your head.
                  | [potion of mutation]
  1870 | D:3      | HP: 1/27 [poisoned by an adder]
  1873 | D:3      | Succumbed to an adder's poison

Illustrated notes

Levels and vault maps discovered:
D:1:      matt_arrival_diagonals, layout_basic, serial_aquarium,
          aquarium_bridge_square [aquarium_subvault_balcony,
          aquarium_subvault_wall, aquarium_subvault_bridge,
          aquarium_subvault_window], aquarium_bridge_long_separate
          [aquarium_subvault_bridge, aquarium_subvault_wall,
          aquarium_subvault_wall, aquarium_subvault_balcony,
          aquarium_subvault_window, aquarium_subvault_bridge],
          aquarium_window_1, aquarium_window_corridor_3, aquarium_view_2d,
          aquarium_pool_2
D:2:      layout_rooms, minmay_misc_feat_enclosed
D:3:      layout_basic, bloody_trog, nicolae_ru_great_annihilating_truth,
          lemuel_crystal_altar, minmay_fractal_squares_gapless_5

Skill      XL: |  1  2  3 |
---------------+----------+-----
Conjurations   | 2 |  2.2
Air Magic      | 4 |  4.3
Dodging        | |  2.9
Stealth        | |  2.6
Spellcasting   | |  2.0

Action                   |  1- 3 |  4- 6 || total
-------------------------+-------+-------++-------
Melee: Unarmed           |    30 |       ||    30
       Constrict         |    10 |     3 ||    13
       Tentacles         |     7 |     1 ||     8
       Dagger            |       |    27 ||    27
 Cast: Shock             |    45 |    25 ||    70
  Use: Scroll            |       |     3 ||     3
       Potion            |       |     2 ||     2
Armor: Skin              |    10 |     7 ||    17
Dodge: Dodged            |    35 |    37 ||    72

Table legend: (Time is in decaauts)
 A = Elapsed time spent in this place.
 B = Non-inter-level travel time spent in this place.
 C = Inter-level travel time spent in this place.
 D = Time resting spent in this place.
 E = Time spent auto-exploring this place.
 F = Levels seen in this place.
 G = Mean time per level.
                   A        B        C        D        E       F      G
               +--------+--------+--------+--------+--------+-----+--------+
         Total |   1873 |   1868 |      5 |      0 |   1575 |   3 |  624.3 |
       Dungeon |   1873 |   1868 |      5 |      0 |   1575 |   3 |  624.3 |
               +--------+--------+--------+--------+--------+-----+--------+

Top non-repeatable levels by time:
     D:3: 1204 daAuts
     D:1: 508 daAuts
     D:2: 160 daAuts
